 Dungeon Crawl Stone Soup version 0.30.0-29-ga12c61a403 (webtiles) character file.

Game seed: 8227780720441319450

37 qw the Chopper (level 3, 0/23 HPs)
             Began as a Gargoyle Fighter on June 2, 2023.
             Killed from afar by Sigmund (2 damage)
             ... with a magic dart
             ... on level 1 of the Dungeon.
             The game lasted 00:00:33 (1057 turns).

qw the Chopper (Gargoyle Fighter)                   Turns: 1057, Time: 00:00:34

Health: 0/23       AC: 14    Str: 21    XL:     3   Next: 41%
Magic:  3/3        EV:  5    Int:  8    God:
Gold:   62         SH:  0    Dex:  9    Spells: 2/2 levels left

rFire   . . .        Y - +2 war axe
rCold   . . .        c - +0 buckler
rNeg    + . .        l - +0 plate armour
rPois   inf          (no helmet)
rElec   +            (no cloak)
rCorr   .            (no gloves)
SInv    .            (no boots)
Will    .....        (no amulet) Stlth
                     (no ring)
HPRegen 0.23/turn    (no ring)
MPRegen 0.08/turn

%: no passive effects
@: confused
A: sickness immunity, AC +3, negative energy resistance 1, electricity
resistance, torment resistance 1, petrification resistance
a: no special abilities


You were on level 1 of the Dungeon.
You visited 1 branch of the dungeon, and saw 2 of its levels.

You collected 62 gold pieces.


Innate Abilities, Weirdness & Mutations

You are immune to sickness and miasma.
Your stone body is resilient. (AC +3)
You are immune to poison.
You resist negative energy. (rN+)
You are resistant to electric shocks. (rElec)
You are resistant to unholy torment.
You are immune to petrification.


   Skills:
 - Level 3.2 Fighting
 + Level 3.4 Axes
 - Level 3.2 Armour
 - Level 3.2 Shields


You had 2 spell levels left.
You didn't know any spells.
Your spell library was empty.

Inventory:

Hand Weapons
 Y - a +2 war axe (weapon)
Armour
 c - a +0 buckler (worn)
 l - a +0 plate armour (worn)
Potions
 d - a potion of might
 h - a potion of mutation {unknown}
 k - a potion of curing {unknown}

Dungeon Overview and Level Annotations

Branches:
Dungeon (2/15)

Altars:

Annotations:
D:2 Sigmund


Message History

The puff of flame hits you.
You swing at nothing.
Something hits you.
You swing at nothing.
A goblin comes into view. It is wielding a +0 dagger.
Something hits you but does no damage.
The goblin shouts!
You hear some strange, mumbled words.
You are confused.
The goblin unwields a +0 dagger.
The goblin wields a +0 sling.
The goblin shoots a sling bullet.
The sling bullet hits you.
There is a stone staircase leading up here.
1049 ||| STAIRDANCE You hear some strange, mumbled words.
You are more confused.
The goblin shoots a sling bullet.
The sling bullet hits you but does no damage.
You climb upwards.
Reactivating autopickup.
There is a stone staircase leading down here.
Enter note:
Enter note:
Enter note:
Enter note: Something hits you but does no damage.
Deactivating autopickup; reactivate with Ctrl-A.
Autopickup is now on.
Something hits you.
Deactivating autopickup; reactivate with Ctrl-A.
Autopickup is now on.
Something hits you but does no damage.
Deactivating autopickup; reactivate with Ctrl-A.
Autopickup is now on.
Something hits you.
Deactivating autopickup; reactivate with Ctrl-A.
Autopickup is now on.
You hear some strange, mumbled words.
A magic dart appears from out of thin air!
Deactivating autopickup; reactivate with Ctrl-A.
The magic dart hits you.
You die...

########### #
#.........# #
#.#######.# # #.# #.#.#
# ###'#####.#.######
#@................
##{.........#....#
#....#.....#....#
#....#.##..#....#
####...##...#......#
#......#....#......#
#......####.#.......
#####....#.#....##.....#
#........+.#.##..'......


There were no monsters in sight!

Vanquished Creatures
  2 dart slugs (D:1)
  3 ball pythons
  A bat (D:1)
  3 endoplasms (D:1)
  4 giant cockroaches (D:1)
  3 goblins
  5 hobgoblins (D:1)
  2 jackals (D:1)
  2 quokkas (D:1)
  A kobold (D:1)
  A rat (D:1)
27 creatures vanquished.

Notes
Turn   | Place    | Note
-------+----------+-------------------------------------------
     0 | D:1      | qw the Gargoyle Fighter began the quest for the Orb.
     0 | D:1      | Reached XP level 1. HP: 14/14 MP: 1/1
     0 | D:1      | 0 ||| qw: Version: 0.2-a-102-gdf20003
     0 | D:1      | 0 ||| qw: Game counter: 891
     0 | D:1      | 0 ||| qw: Always use a shield: true
     0 | D:1      | 0 ||| qw: God list: Okawaru
     0 | D:1      | 0 ||| qw: Allow faded altars: false
     0 | D:1      | 0 ||| qw: Do Orc after D:15 true
     0 | D:1      | 0 ||| qw: Do second Lair branch before Depths: true
     0 | D:1      | 0 ||| qw: Lair rune preference: random
     0 | D:1      | 0 ||| qw: Plans: Normal, Zot:1-4, Slime:5, God:TSO, Crypt,
                  | Tomb, Pan, Hells, Abyss, Win
     0 | D:1      | 0 ||| PLANNING D:1-11
    98 | D:1      | Reached XP level 2. HP: 13/19 MP: 2/2
   186 | D:1      | 186 ||| Stepping ~*~*~tactically~*~*~ (stealth).
   187 | D:1      | 187 ||| Stepping ~*~*~tactically~*~*~ (stealth).
   188 | D:1      | 188 ||| Stepping ~*~*~tactically~*~*~ (stealth).
   189 | D:1      | 189 ||| Stepping ~*~*~tactically~*~*~ (stealth).
   367 | D:1      | Reached skill level 3 in Axes
   455 | D:1      | Reached XP level 3. HP: 23/23 MP: 3/3
   513 | D:1      | 513 ||| Stepping ~*~*~tactically~*~*~ (hiding).
  1002 | D:1      | 1002 ||| UPGRADING to +0 plate armour.
  1012 | D:1      | 1012 ||| DROPPING +0 scale mail.
  1013 | D:1      | 1013 ||| READING scroll labelled YCVULE HEOPLIM.
  1014 | D:1      | 1014 ||| READING 2 scrolls labelled FERUTA GITSIAXT.
  1015 | D:1      | 1015 ||| READING scroll of enchant weapon.
  1015 | D:1      | 1015 ||| ENCHANTING +1 war axe.
  1016 | D:1      | 1016 ||| READING scroll labelled YNUELEUXZO.
  1017 | D:1      | 1017 ||| READING scroll labelled BULICINEMN.
  1021 | D:1      | 1021 ||| READING scroll labelled LIES YDEOBBITI.
  1033 | D:2      | Noticed Sigmund
  1048 | D:2      | HP: 5/23 [goblin/sling bullet (2)]
  1049 | D:2      | 1049 ||| STAIRDANCE
  1055 | D:1      | HP: 2/23 [something (3)]
  1057 | D:1      | Killed from afar by Sigmund

Levels and vault maps discovered:
D:1:      minmay_arrival_four_loops, layout_basic
D:2:      layout_basic, serial_shops, nicolae_shop_tiny_waterfront,
          nicolae_kite_square_tiling_tiny, uniq_sigmund

Skill      XL: |  1  2 |
---------------+-------+-----
Axes           | 2 3 |  3.4
Fighting       | |  3.2
Armour         | |  3.2
Shields        | |  3.2

Action                     || total
---------------------------++-------
  Melee: War axe           ||    82
    Use: Scroll            ||     6
 Armour: Scale mail        ||    40
         Plate armour      ||    14
  Dodge: Dodged            ||    39
  Block: Buckler           ||    12

Table legend:
 A = Non-vault XP
 B = Vault XP
 C = Vault XP percentage of total XP
 D = Non-vault monster count
 E = Vault monster count
 F = Vault count percentage of total count
                 A         B        C        D         E       F
            +---------+---------+-------+---------+---------+-------
      Total |      54 |       0 |   0.0 |      27 |       0 |   0.0
            +---------+---------+-------+---------+---------+-------
        D:1 |      50 |       0 |   0.0 |      25 |       0 |   0.0
        D:2 |       4 |       0 |   0.0 |       2 |       0 |   0.0
            +---------+---------+-------+---------+---------+-------
